 Dungeon Sprint DCSS version 0.30.1 (webtiles) character file.

Game seed: 4714451299774314445

181 boopmooplesden the Trooper (level 5, 0/72 HPs)
             Began as a Demonspawn Berserker on July 8, 2023.
             Was a Priest of Trog.
             Slain by a spriggan
             ... wielding a +0 dagger
              (3 damage)
             ... in the Dungeon (Sprint IV: "Fedhas' Mad Dash").
             The game lasted 00:01:02 (1288 turns).

boopmooplesden the Trooper (Demonspawn Berserker)   Turns: 1288, Time: 00:01:02

Health: 0/72       AC:  4    Str: 19    XL:     5   Next: 34%
Magic:  5/5        EV: 13    Int:  8    God:    Trog [***...]
Gold:   50         SH:  0    Dex: 13    Spells: 4/4 levels left

rFire   . . .        a - +0 spear
rCold   . . .        (no shield)
rNeg    . . .        b - +0 animal skin
rPois   .            (no helmet)
rElec   .            (no cloak)
rCorr   .            (no gloves)
SInv    .            (no boots)
Will    .....        i - amulet of invisibility {+Inv} Stlth
                     (no ring)
HPRegen 0.32/turn    (no ring)
MPRegen 0.09/turn

%: no teleportation
@: berserking, very quick
A: icy blue scales 1, powered by pain 1
a: Renounce Religion, Evoke Invisibility, Berserk, Trog's Hand


You were in the Dungeon.
You worshipped Trog.
Trog was most pleased with you.
You visited 1 branch You collected 50 gold pieces.

Inventory:

Hand Weapons
 a - a +0 spear (weapon)
Armour
 b - a +0 animal skin (worn)
Jewellery
 i - the amulet of invisibility (around neck) {+Inv}
   (You found it in the Dungeon)

   [amulet of nothing]

   +Inv:      It lets you turn invisible.
Scrolls
 h - a scroll of blinking
 j - a scroll of magic mapping {unknown}
Potions
 c - a potion of curing
 d - 2 potions of heal wounds
 e - a potion of haste
 f - 2 potions of magic
 g - a potion of berserk rage


   Skills:
 + Level 7.2 Fighting
 + Level 6.6 Polearms
 + Level 3.1 Armour
 + Level 4.1 Dodging
 + Level 2.1 Stealth
 + Level 1.1 Evocations


You had 4 spell levels left.
You didn't know any spells.
Your spell library was empty.

Dungeon Overview and Level Annotations

Branches:
Dungeon (1/1)

Altars:
Cheibriados
Dithmenos
Gozag
Hepliaklqana
Kikubaaqudgha
Makhleb
Nemelex Xobeh
Okawaru
Qazlal
Ru
Sif Muna
Trog
Uskayaw
Vehumet
Wu Jian
Xom
Yredelemnul
Jiyva
Lugonu


Innate Abilities, Weirdness & Mutations

You are partially covered in icy blue scales. (AC +2)
You sometimes gain a little power by taking damage.


Message History

You fail to use your ability.
The spriggan hits you with a +0 dagger!
You puncture the spriggan!
The spriggan is severely wounded.
The spriggan barely misses you.
You hit the spriggan but do no damage. Your punch misses the spriggan.
The spriggan is severely wounded.
The scorpion closely misses you. The spriggan closely misses you.
The spriggan hits you with a +0 dagger!
There is an open door, spattered with blood here.
You hit the scorpion.
The scorpion is lightly wounded.
The scorpion misses you. The spriggan barely misses you.
The spriggan hits you with a +0 dagger!
* * * LOW HITPOINT WARNING * * *
You hit the spriggan.
The spriggan is heavily wounded.
The scorpion misses you. The spriggan barely misses you.
You miss the spriggan.
The spriggan is heavily wounded.
The spriggan closely misses you.
The scorpion stings you but does no damage.
A red film seems to cover your vision as you go berserk!
You feel yourself moving faster!
You feel mighty!
The spriggan barely misses you. x2; The scorpion closely misses you.
You closely miss the spriggan. Your punch misses the spriggan.
The spriggan is heavily wounded.
The spriggan hits you with a +0 dagger!
* * * LOW HITPOINT WARNING * * *
The scorpion stings you.
* * * LOW HITPOINT WARNING * * *
The spriggan hits you with a +0 dagger.
* * * LOW HITPOINT WARNING * * *
You barely miss the spriggan.
The spriggan is heavily wounded.
Unknown command.
You puncture the spriggan!
You kill the spriggan!
Trog accepts your kill. The scorpion misses you.
The spriggan hits you with a +0 dagger.
You die...

#####################
.⌠._._._._.⌠.#..@s..#
.._._._._._..'.i#).$#
..._._._._...#..###+#
.._._._._._..#..#
._._._._._.⌠.####
##############


You could see a spriggan and a scorpion.

Vanquished Creatures
  A scorpion (D)
  3 oklob saplings (D)
  A spriggan (D)
  A river rat (D)
  A rat (D)
7 creatures vanquished.

Notes
Turn   | Place    | Note
-------+----------+-------------------------------------------
     0 | D        | boopmooplesden the Demonspawn Berserker began the quest for
                  | the Orb.
     0 | D        | Reached XP level 1. HP: 18/18 MP: 1/1
    18 | D        | Gained mutation: You sometimes gain a little power by
                  | taking damage. [demonic ancestry]
    18 | D        | Reached XP level 2. HP: 25/25 MP: 2/2
   268 | D        | Noticed an oklob sapling
   274 | D        | Killed an oklob sapling
   274 | D        | Reached ** piety under Trog
   275 | D        | Reached skill level 4 in Fighting
   275 | D        | Reached XP level 3. HP: 32/32 MP: 3/3
   513 | D        | Noticed a scorpion
   513 | D        | Found the amulet of invisibility {+Inv}
   525 | D        | Killed a scorpion
   526 | D        | Reached skill level 6 in Fighting
   526 | D        | Reached skill level 5 in Polearms
   526 | D        | Reached XP level 4. HP: 21/40 MP: 4/4
   757 | D        | Found an opulent altar of Gozag.
   757 | D        | Found a hazy altar of Hepliaklqana.
   757 | D        | Found a snail-covered altar of Cheibriados.
   758 | D        | Found a viscous altar of Jiyva.
   758 | D        | Found a burning altar of Makhleb.
   758 | D        | Found a sparkling altar of Nemelex Xobeh.
   758 | D        | Found a sacrificial altar of Ru.
   758 | D        | Found a shimmering blue altar of Sif Muna.
   758 | D        | Found a bloodstained altar of Trog.
   758 | D        | Found an ornate altar of the Wu Jian Council.
   758 | D        | Found a shimmering altar of Xom.
   758 | D        | Found a basalt altar of Yredelemnul.
   759 | D        | Found an iron altar of Okawaru.
   759 | D        | Found a shadowy altar of Dithmenos.
   760 | D        | Found an ancient bone altar of Kikubaaqudgha.
   760 | D        | Found a hide-covered altar of Uskayaw.
   761 | D        | Found a stormy altar of Qazlal.
   762 | D        | Found a corrupted altar of Lugonu.
   762 | D        | Found a radiant altar of Vehumet.
   774 | D        | Reached skill level 1 in Stealth
   774 | D        | Gained mutation: You are partially covered in icy blue
                  | scales. (AC +2) [demonic ancestry]
   774 | D        | Reached XP level 5. HP: 47/47 MP: 5/5
   830 | D        | Reached skill level 7 in Fighting
   830 | D        | Reached skill level 1 in Evocations
  1286 | D        | HP: 3/72 [spriggan/+0 dagger (6)]
  1288 | D        | Reached *** piety under Trog
  1288 | D        | Slain by a spriggan

Illustrated notes

Levels and vault maps discovered:
D:        dungeon_sprint_fedhas [sprint_temple]

Skill      XL: |  1  2  3  4  5 |
---------------+----------------+-----
Polearms       | 3 4 5 6 |  6.6
Armour         | 2 3 |  3.1
Dodging        | 2 3 4 |  4.1
Fighting       | 4 6 7 |  7.2
Stealth        | 1 2 |  2.1
Evocations     | 1 |  1.1

Action                     |  1- 3 |  4- 6 || total
---------------------------+-------+-------++-------
  Melee: Spear             |    27 |    30 ||    57
 Invoke: Berserk           |     3 |     2 ||     5
Ability: Evoke Invisibilit |       |     2 ||     2
   Stab: Invisible         |       |     6 ||     6
         Sleeping          |       |     1 ||     1
 Armour: Animal skin       |     5 |     1 ||     6
  Dodge: Dodged            |    15 |    12 ||    27
